Map: Abyssal Reef LE

Players

TrippyChippy - Winner!

  • Race: Zerg Zerg
  • League: Gold
  • Spawn Location: 11:00

GangusKaun

  • Race: Protoss Protoss
  • League: Gold
  • Spawn Location: 5:00

VOD

Have the link to the VOD?

Description

Time

  • Played on: Dec. 8, 2024, 10:09 p.m.
  • Length: 12:13
Show
View Real Time Build Order
Export as new Build Order

TrippyChippy Zerg - Winner!

Build Orders: Hatch First 

Get SALT Encoding   

  12  0:01  Drone  
  13  0:12  Overlord  
  13  0:31  Drone x3  
  16  0:55  Hatchery  
  15  0:59  Drone x2  
  17  1:15  Spawning Pool, Extractor  
  17  1:16  Drone  
  16  1:20  Drone  
  17  1:27  Drone  
  18  1:40  Drone  
  19  1:47  Drone  
  20  1:57  Overlord  
  20  2:08  Drone  
  20  2:15  Drone  
  22  2:16  Queen x2  
  22  2:22  Metabolic Boost  
  26  2:28  Drone  
  26  2:29  Drone  
  28  2:30  Drone  
  28  2:34  Drone  
  30  2:43  Drone  
  31  2:45  Overlord  
  30  3:07  Queen x2  
  34  3:17  Drone  
  34  3:18  Drone x5  
  40  3:36  Overlord  
  40  3:40  Drone x4  
  44  3:56  Lair  
  44  3:57  Extractor  
  44  4:00  Extractor  
  44  4:02  Extractor  
  41  4:05  Drone x3  
  41  4:08  Drone x3  
  47  4:11  Drone x2  
  47  4:12  Drone  
  50  4:30  Overlord  
  50  4:37  Overlord  
  50  4:44  Spore Crawler  
  49  4:45  Spore Crawler  
  48  4:55  Roach Warren  
  47  5:01  Evolution Chamber  
  46  5:08  Evolution Chamber  
  45  5:23  Drone  
  46  5:32  Zerg Missile Weapons Level 1  
  46  5:34  Zerg Ground Armor Level 1  
  46  5:43  Drone x5  
  46  5:44  Drone  
  46  5:46  Overlord x4  
  46  5:48  Glial Reconstitution  
  52  5:51  Roach x2  
  52  5:52  Roach x2  
  60  6:06  Hydralisk Den  
  60  6:09  Drone  
  60  6:13  Roach  
  60  6:14  Roach x7  
  76  6:22  Overlord  
  76  6:25  Overseer  
  76  6:29  Roach  
  76  6:30  Roach x2  
  82  6:47  Roach x7  
  96  7:00  Drone  
  97  7:06  Roach  
  99  7:08  Overlord x3  
  99  7:09  Overlord  
  99  7:10  Overseer  
  99  7:16  Muscular Augments  
  95  8:00  Zerg Missile Weapons Level 2  
  95  8:01  Zerg Ground Armor Level 2  
  91  8:12  Hatchery  
  60  9:11  Infestation Pit  
  57  9:23  Extractor  
  52  9:26  Extractor  
  52  9:27  Queen  
  52  9:29  Drone  
  54  9:43  Hydralisk x8  
  54  9:44  Hydralisk x26  
  122  10:03  Hive  
  120  10:18  Overlord x4  
  120  10:19  Overlord  
  120  10:29  Overlord x3  
  120  10:37  Grooved Spines  
  90  11:29  Drone x5  
  90  11:32  Hydralisk x15  
  97  11:33  Hydralisk x3  
Show
View Real Time Build Order
Export as new Build Order

GangusKaun Protoss 

Build Orders:  

Get SALT Encoding   

  12  0:00  Probe  
  13  0:13  Probe  
  14  0:25  Probe  
  14  0:27  Pylon  
  15  0:46  Probe  
  15  0:47  Gateway  
  16  0:57  Probe  
  17  1:05  Assimilator, Probe  
  18  1:33  Probe  
  19  1:45  Probe  
  20  1:51  Nexus  
  20  1:56  Cybernetics Core  
  20  1:58  Probe  
  21  2:10  Assimilator, Probe  
  21  2:14  Pylon  
  22  2:20  Warp Gate  
  22  2:22  Probe  
  23  2:26  Adept  
  23  2:34  Probe  
  26  2:46  Probe  
  28  2:58  Probe  
  28  3:16  Stargate  
  28  3:27  Assimilator  
  28  3:32  Shield Battery  
  28  3:37  Stalker, Gateway  
  28  3:39  Pylon  
  28  3:43  Probe x2  
  32  4:07  Forge  
  32  4:12  Twilight Council  
  32  4:16  Assimilator  
  32  4:18  Pylon  
  32  4:26  Oracle  
  32  4:29  Protoss Ground Weapons Level 1  
  35  4:33  Probe  
  37  4:45  Probe  
  37  5:00  Gateway  
  37  5:02  Gateway  
  37  5:06  Charge  
  40  5:07  Oracle  
  40  5:14  Nexus  
  40  5:16  Pylon  
  40  5:19  Pylon  
  40  5:38  Probe x2  
  42  5:44  Phoenix  
  44  5:50  Probe  
  45  6:13  Robotics Facility  
  45  6:23  Gateway  
  45  6:24  Gateway, Protoss Shields Level 1  
  45  6:28  Gateway  
  45  6:31  Shield Battery  
  45  6:49  Blink  
  45  6:50  Probe x3  
  48  7:02  Probe x3  
  51  7:10  Templar Archives  
  51  7:14  Probe x3  
  54  7:16  Stargate  
  54  7:24  Immortal  
  54  7:26  Probe  
  55  7:34  Phoenix  
  59  7:41  Zealot x3  
  59  7:42  Zealot x2  
  59  7:43  Zealot  
  59  7:44  Stalker  
  59  8:03  Stalker x4  
  52  8:38  Stalker x5  
  45  8:52  Zealot  
  39  9:19  Void Ray  
  37  9:26  Probe  
  38  9:34  Probe  
  38  9:39  Probe  
  38  9:44  Probe  
  40  9:47  Probe  
  40  9:52  High Templar  
  43  10:01  Probe  
  43  10:09  Probe  
  43  10:13  Observer  
  45  10:30  Observer  
  45  10:32  Probe x2  
  45  10:34  High Templar x3  
  54  10:36  High Templar  
  54  10:39  Archon  
  54  10:40  Archon  
  56  10:42  High Templar  
  56  10:48  Observer  
  59  10:56  Archon  
  52  11:06  Observer  
  52  11:07  Stalker x2  
  36  11:20  Dark Shrine  
  36  11:21  Pylon  
  34  11:27  Zealot  
  36  11:36  High Templar x2  
  36  11:39  Probe  
  41  11:40  Probe  
  42  11:59  High Templar  
  44  12:01  Archon  
Tags
 
League
GoldGold
Matchup
PvZ
Spawn Locations
Cross Positions
Add a new tag
Caveats
  • Supply blocks, unpowered buildings, or Contaminate may cause inaccurate times.
  • Supply counts are checked every 10 seconds.